 Dungeon Crawl Stone Soup version 0.31-a0-424-g41b3b0883d (webtiles) character file.

Game seed: 18251384528391635477

83 Ajdolov the Changeling (level 4, -1/21 HPs)
             Began as a Vine Stalker Shapeshifter on July 30, 2023.
             Slain by an orc
             ... wielding a +0 trident
              (4 damage)
             ... on level 3 of the Dungeon.
             The game lasted 00:02:23 (2075 turns).

Ajdolov the Changeling (Vine Stalker Shapeshifter)  Turns: 2075, Time: 00:02:23

Health: -1/21      AC:  8    Str: 19    XL:     4   Next: 44%
Magic:  0/5        EV:  8    Int:  8    God:
Gold:   46         SH:  0    Dex: 15    Spells: 3/3 levels left

rFire   . .          .
                       - Unarmed
rCold   . . .        (no shield)
rNeg    . . .        o - +0 chain mail
rPois   .            (helmet currently unavailable)
rElec   .            (cloak currently unavailable)
rCorr   .            (gloves currently unavailable)
SInv    .            (boots currently unavailable)
Will    .....        (no amulet) Stlth
                     (no ring)
HPRegen 1.03/turn    (no ring)
MPRegen 0.09/turn

%: guardian spirit
@: beast-form
A: beast (slay +2), fangs 2, regeneration 1, magic shield, antimagic bite, no
potion heal 2
a: Begin Untransformation


You were on level 3 of the Dungeon.
You were a hulking beast.
You visited 1 branch of the dungeon, and saw 3 of its levels.

You collected 46 gold pieces.

Inventory:

Armour
 f - a +0 pair of gloves
 o - a +0 chain mail (worn)
Jewellery
 g - a ring of wizardry
Talismans
 c - a beast talisman (active)
Scrolls
 i - 3 scrolls of identify {unknown}
 j - a scroll of summoning {unknown}
 k - a scroll of blinking {unknown}
 m - a scroll of fog {unknown}
Potions
 a - a potion of attraction {unknown}
 b - a potion of lignification
 d - 2 potions of curing {unknown}
 e - a potion of heal wounds {unknown}
 h - a potion of mutation {unknown}
 l - a potion of resistance {unknown}
 n - a potion of invisibility {unknown}


   Skills:
 - Level 0.8 Fighting
 - Level 1.5 Dodging
 + Level 3.8 Unarmed Combat
 * Level 4.1 Shapeshifting


You had 3 spell levels left.
You didn't know any spells.
Your spell library contained the following spells:

 Spells                   Type           Power      Damage    Failure   Level
 Kiss of Death            Conj/Necr      0%         2d5       99%         1
 Sting                    Tmut/Pois      0%         1d3       99%         1
 Poisonous Vapours        Pois/Air       0%         N/A       100%        2
 Confusing Touch          Hex            0%         N/A       100%        3
 Vhi's Electric Charge    Tloc/Air       0%         N/A       100%        3
 Dispel Undead            Necr           0%         3d6       100%        4
 Olgreb's Toxic Radiance  Pois           0%         N/A       100%        4
 Arcjolt                  Conj/Air       0%         1d10      100%        5
 Plasma Beam              Fire/Air       0%         2x1d10    100%        6


Dungeon Overview and Level Annotations

Branches:
Dungeon (3/15)

Altars:

Shops:
D:3 [


Innate Abilities, Weirdness & Mutations

You are a hulking beast.
Your limbs bulge with bestial killing power. (Slay +2)
You have extremely sharp teeth.
Your natural rate of healing is unusually fast.
When hurt, damage is shared between your health and your magic reserves.
Your bite disrupts and absorbs the magic of your enemies.
Potions cannot restore your health.


Message History

You open the door.
Found Saurul's Antique Armour Emporium.
No target in view!
No target in view!
There is an entrance to Saurul's Antique Armour Emporium here.
You can access your shopping list by pressing '$'.
There are no items here.
Unknown command.
You can access your shopping list by pressing '$'.
A rat comes into view.
You punch the rat!
You kill the rat!
No target in view!
k - a scroll labelled OKLUZANU BYMA An orc comes into view.
It is wielding a +0 trident.
The orc shouts!
You hear a shout!
An orc comes into view. It is wielding a +0 dagger.
The orc shouts!
You hear a shout! 2 orcs come into view.
The orc shouts! x2
An orc priest comes into view. It is wielding a +0 whip.
The orc moves out of view.
Found 5 stones.
The orc priest shouts!
The orc misses you.
You hit the orc. You bite the orc. You drain its power.
The orc is heavily wounded.
The orc priest calls down the wrath of Beogh upon you.
Beogh smites you! The orc hits you but does no damage. x2
You punch the orc!
You kill the orc!
The orc priest calls down the wrath of Beogh upon you.
Beogh smites you!
Ouch! That really hurt!
* * * LOW HITPOINT WARNING * * *
The orc hits you but does no damage. The orc attacks as you move away!
The orc closely misses you.
The orc priest looks braver for a moment.
The orc hits you from afar with a +0 trident.
You die...

#.. #.# ###### .. ...
...... ..######.###
.##### #..........# ####
.......#.#.# .....
.......#.#.###### #######
(....o.#h#.#....###.## ##
#....o.#.#.#.#####...# #.
......ooo.......##...###.
#.#...o#.#.#.####..#..#..
#.####........#.###.#.# #
###.....#..# #...#
#+#.#...## ##.##
#...†.#.#.# #.#
#.....#.### ###


You could see an orc priest and 2 orcs.

Vanquished Creatures
  Jessica (D:2)
  2 dart slugs
  3 orcs (D:3)
  3 ball pythons (D:1)
  4 endoplasms
  5 giant cockroaches
  7 goblins
  3 hobgoblins
  3 jackals (D:1)
  2 quokkas
  A bat (D:2)
  2 frilled lizards
  4 kobolds (D:1)
  5 rats
45 creatures vanquished.

Notes
Turn   | Place    | Note
-------+----------+-------------------------------------------
     0 | D:1      | Ajdolov the Vine Stalker Shapeshifter began the quest for
                  | the Orb.
     0 | D:1      | Reached XP level 1. HP: 9/9 MP: 2/2
    43 | D:1      | Reached XP level 2. HP: 10/14 MP: 3/3
   603 | D:1      | Reached XP level 3. HP: 16/17 MP: 4/4
  1401 | D:2      | Noticed Jessica
  1408 | D:2      | Killed Jessica
  1409 | D:2      | Reached skill level 4 in Shapeshifting
  1409 | D:2      | Gained mutation: Your natural rate of healing is unusually
                  | fast. [Vine Stalker growth]
  1409 | D:2      | Reached XP level 4. HP: 10/21 MP: 3/5
  1586 | D:2      | Found a faded altar of an unknown god.
  2017 | D:3      | Found Saurul's Antique Armour Emporium.
  2075 | D:3      | Slain by an orc

Illustrated notes

Levels and vault maps discovered:
D:1:      dpeg_arrival_radiant, layout_basic, serial_co_window_serial,
          co_window_paths_a, co_window_of_opportunity_a,
          co_window_of_opportunity_a, co_window_corner_a, co_window_paths_b,
          co_window_paths_a, co_window_paths_b, co_window_broadway_b,
          co_window_broadway_c, co_window_corner_cb, co_window_broadway_b,
          co_window_corner_b, co_window_broadway_a, co_window_paths_d,
          glass_columns_a, glass_columns_a, glass_columns_c, glass_columns_b
D:2:      layout_loops_ring, chequers_ecumenical_altar_simple,
          minmay_pentomino_z4, uniq_jessica
D:3:      layout_basic, amcnicky_altar_gilded, led_xom_imps, serial_shops, shop,
          nicolae_diamond_shop, nicolae_shop_pleasant_corner_grove,
          st_stairs_14, eino_curves_03

Skill      XL: |  1  2  3 |
---------------+----------+-----
Shapeshifting  | 4 |  4.1
Fighting       | |  0.8
Dodging        | |  1.5
Unarmed Combat | |  3.8

Action                     |  1- 3 |  4- 6 || total
---------------------------+-------+-------++-------
  Melee: Unarmed           |    64 |    23 ||    87
         Bite              |     9 |     9 ||    18
         Punch             |       |     2 ||     2
   Stab: Sleeping          |     1 |       ||     1
 Armour: Animal skin       |     6 |       ||     6
         Ring mail         |     3 |     7 ||    10
         Chain mail        |       |     6 ||     6
  Dodge: Dodged            |    28 |     7 ||    35

Table legend: (Time is in decaauts)
 A = Elapsed time spent in this place.
 B = Non-inter-level travel time spent in this place.
 C = Inter-level travel time spent in this place.
 D = Time resting spent in this place.
 E = Time spent auto-exploring this place.
 F = Levels seen in this place.
 G = Mean time per level.
                   A        B        C        D        E       F      G
               +--------+--------+--------+--------+--------+-----+--------+
         Total |   2069 |   2013 |     56 |      5 |   1723 |   3 |  689.7 |
       Dungeon |   2069 |   2013 |     56 |      5 |   1723 |   3 |  689.7 |
               +--------+--------+--------+--------+--------+-----+--------+

Top non-repeatable levels by time:
     D:1: 1232 daAuts
     D:2: 695 daAuts
     D:3: 142 daAuts
